 Dungeon Crawl Stone Soup version 0.30-b1-2-g02819fbbbe (webtiles) character file.

Game seed: 14283112173391454995

75 Metae the Trooper (level 4, 0/40 HPs)
             Began as a Minotaur Fighter on July 8, 2023.
             Slain by a hobgoblin (7 damage)
             ... on level 3 of the Dungeon.
             The game lasted 00:02:29 (1568 turns).

Metae the Trooper (Minotaur Fighter)                Turns: 1568, Time: 00:02:29

Health: 0/40       AC: 10    Str: 23    XL:     4   Next: 11%
Magic:  3/3        EV:  2    Int:  5    God:
Gold:   73         SH:  0    Dex:  9    Spells: 3/3 levels left

rFire   . . .        a - +0 flail
rCold   . . .        c - +0 buckler
rNeg    . . .        b - +0 scale mail
rPois   .            (helmet restricted)
rElec   .            (no cloak)
rCorr   .            (no gloves)
SInv    .            f - +2 pair of boots
Will    .....        (no amulet) Stlth
                     (no ring)
HPRegen 0.26/turn    (no ring)
MPRegen 0.08/turn

%: no passive effects
@: sleeping
A: horns 2, retaliatory headbutt
a: no special abilities


You were on level 3 of the Dungeon.
You visited 1 branch of the dungeon, and saw 3 of its levels.

You collected 73 gold pieces.

Inventory:

Hand Weapons
 a - a +0 flail (weapon)
Missiles
 l - 2 boomerangs (quivered)
Armour
 b - a +0 scale mail (worn)
 c - a +0 buckler (worn)
 f - a +2 pair of boots (worn)
 i - a +0 cloak
Jewellery
 h - a ring of wizardry
Wands
 p - a wand of flame (10)
Scrolls
 e - a scroll of amnesia {unknown}
 g - a scroll of identify {unknown}
 n - a scroll of vulnerability {unknown}
 q - a scroll of noise {unknown}
Potions
 d - 2 potions of might
 j - a potion of resistance {unknown}
 k - a potion of degeneration {unknown}
 m - a potion of mutation {unknown}
 o - a potion of berserk rage {unknown}


   Skills:
 + Level 4.2 Fighting
 + Level 3.2 Maces & Flails
 + Level 4.2 Armour
 + Level 1.5 Dodging
 + Level 4.2 Shields


You had 3 spell levels left.
You didn't know any spells.
Your spell library was empty.

Dungeon Overview and Level Annotations

Branches:
Dungeon (3/15)

Altars:


Innate Abilities, Weirdness & Mutations

You have a pair of horns on your head.
You reflexively headbutt those who attack you in melee.


Message History

Keep equipping yourself?
You stop putting on your armour.
A sleepcap comes into view.
You sock the goblin!
You kill the goblin!
Natasha closely misses you.
You sock Natasha!
Natasha is almost dead.
Natasha casts a spell at you. The magic dart hits you.
Natasha barely misses you. You furiously retaliate!
You headbutt Natasha!
You kill Natasha!
Natasha yowls pathetically as she dies!
You have reached level 4!
You feel stronger. The sleepcap releases spores at you.
You are engulfed in a cloud of soporific spores!
You fall asleep.
The sleepcap releases spores at you!
You wake up.
You are engulfed in a cloud of soporific spores!
You are unaffected.
You hit the sleepcap.
The sleepcap is lightly damaged.
The sleepcap releases spores at you but does no damage.
The hobgoblin hits you but does no damage.
The sleepcap releases spores at you.
The hobgoblin hits you but does no damage.
You hit the sleepcap but do no damage. You headbutt the sleepcap!
The sleepcap is heavily damaged.
The sleepcap releases spores at you.
You are engulfed in a cloud of soporific spores!
You are unaffected.
The hobgoblin hits you.
You thump the sleepcap!
The sleepcap is almost destroyed.
The sleepcap releases spores at you.
* * * LOW HITPOINT WARNING * * *
You are engulfed in a cloud of soporific spores!
You fall asleep.
The hobgoblin hits you!
You die...

##. ..
##.#
#...####
#.#.>..#
#....#.#
####..g.#
+....f@.#
####..)<#
#...!....#
#.###.##.#
#. #.# # #
#.# ..#
.## .


You could see a sleepcap and a hobgoblin.

Vanquished Creatures
  Natasha (D:3)
  An adder (D:2)
  A worm (D:2)
  A dart slug (D:1)
  7 ball pythons
  4 endoplasms
  6 hobgoblins
  2 jackals (D:1)
  2 quokkas
  5 bats
  A frilled lizard (D:1)
  3 goblins
  A kobold (D:1)
  A rat (D:1)
36 creatures vanquished.

Notes
Turn   | Place    | Note
-------+----------+-------------------------------------------
     0 | D:1      | Metae the Minotaur Fighter began the quest for the Orb.
     0 | D:1      | Reached XP level 1. HP: 19/19 MP: 0/0
   164 | D:1      | Reached XP level 2. HP: 27/27 MP: 1/1
   291 | D:1      | Found a faded altar of an unknown god.
   366 | D:1      | Reached skill level 1 in Dodging
   433 | D:1      | Reached XP level 3. HP: 33/33 MP: 2/2
  1559 | D:3      | Noticed Natasha
  1563 | D:3      | Killed Natasha
  1564 | D:3      | Reached XP level 4. HP: 37/40 MP: 3/3
  1568 | D:3      | Slain by a hobgoblin

Illustrated notes

Levels and vault maps discovered:
D:1:      dpeg_arrival_castle, layout_basic,
          ebering_ecumenical_altar_sacrificial, minmay_tromino_v2
D:2:      layout_basic
D:3:      layout_loops_corners, uniq_natasha

Skill      XL: |  1  2  3 |
---------------+----------+-----
Dodging        | 1 |  1.5
Fighting       | 4 |  4.2
Armour         | 4 |  4.2
Shields        | 4 |  4.2
Maces & Flails | 3 |  3.2

Action                     |  1- 3 |  4- 6 || total
---------------------------+-------+-------++-------
  Melee: Flail             |    83 |     3 ||    86
         Headbutt          |     7 |     1 ||     8
 Armour: Scale mail        |    43 |     3 ||    46
  Dodge: Dodged            |    52 |       ||    52
  Block: Buckler           |    17 |       ||    17
